 Dungeon Crawl Stone Soup version 0.27-a0-1302-g7736ffe575 (webtiles) character file.

Game seed: 14574783961548697388

119 Feb132020 the Gusty (level 5, -1/28 HPs)
             Began as a Tengu Air Elementalist on June 18, 2021.
             Slain by an ogre (26 damage)
             ... on level 3 of the Dungeon.
             The game lasted 00:09:44 (2655 turns).

Feb132020 the Gusty (Tengu Air Elementalist)        Turns: 2655, Time: 00:09:45

Health: -1/28      AC:  3    Str:  8    XL:     5   Next: 3%
Magic:  2/10       EV: 19    Int: 16    God:
Gold:   55         SH:  0    Dex: 15    Spells: 5/9 levels left

rFire    . . .     SeeInvis .   i - +2 short sword (drain)
rCold    . . .     Faith    .   (no shield)
rNeg     . . .     Spirit   .   a - +0 robe
rPois    +         Reflect  .   (helmet restricted)
rElec    .         Harm     .   l - +0 cloak {rPois}
rCorr    .         Rampage  .   (no gloves)
Will     .....                  (boots unavailable)
Stlth    ++........             (no amulet)
HPRegen  0.09/turn              e - +4 ring of evasion
MPRegen  0.12/turn              (no ring)

@: flying quickly and evasively, quick
A: beak, talons 3, nimble flight
a: no special abilities


You were on level 3 of the Dungeon.
You visited 1 branch of the dungeon, and saw 3 of its levels.

You collected 55 gold pieces.

Inventory:

Hand Weapons
 c - a +0 mace
 f - a +1 short sword of speed
 i - a +2 short sword of draining (weapon)
Armour
 a - a +0 robe (worn)
 l - a +0 cloak of poison resistance (worn)
Jewellery
 e - a +4 ring of evasion (left hand)
Scrolls
 b - a scroll of amnesia
 d - 2 scrolls of identify
 h - 2 scrolls of teleportation
 j - a scroll of torment {unknown}
 k - a scroll of enchant armour {unknown}
 m - a scroll of summoning {unknown}
Potions
 g - a potion of might {unknown}


   Skills:
 + Level 0.3 Short Blades
 + Level 2.3 Dodging
 + Level 2.1 Stealth
 + Level 2.7 Spellcasting
 * Level 3.1 Conjurations
 + Level 5.7 Air Magic


You had 5 spell levels left.
You knew the following spells:

 Your Spells              Type           Power      Damage    Failure   Level
a - Shock                 Conj/Air       64%        1d7       3%          1
b - Static Discharge      Conj/Air       16%        N/A       4%          2
d - Magic Dart            Conj           48%        1d5       5%          1

Your spell library contained the following spells:

 Spells                   Type           Power      Damage    Failure   Level
 Swiftness                Air            20%        N/A       5%          3
 Searing Ray              Conj           24%        3d4       8%          2
 Mephitic Cloud           Conj/Pois/Air  11%        N/A       17%         3
 Airstrike                Air            10%        N/A       19%         4
 Blink                    Tloc           N/A        N/A       28%         2
 Call Imp                 Summ           2%         N/A       28%         2
 Slow                     Hex            2%         N/A       28%         2
 Conjure Flame            Conj/Fire      7%         6-21      30%         3
 Dazzling Flash           Conj/Hex       14%        N/A       30%         3
 Lightning Bolt           Conj/Air       8%         1d20      63%         5
 Fulminant Prism          Conj/Hex       3%         3d6       69%         4
 Iskenderun's Mystic Bla  Conj/Tloc      7%         2d4       69%         4


Dungeon Overview and Level Annotations

Branches:
Dungeon (3/15)

Altars:


Innate Abilities, Weirdness & Mutations

You have a beak for a mouth.
You have claws for feet.
Your magical nature lets you fly swiftly and evasively.


Message History

Unknown command.
Unknown command.
Casting: Shock (safe; 3% risk of failure)
Confirm with . or Enter, or press ? or * to list all spells.
Aiming: Shock (safe; 3% risk of failure)
Press: ? - help, Shift-Dir - straight line, f/p - ogre
Aim: an ogre, wielding a +0 giant club (moderately wounded, 86% to hit)
The zap hits the ogre.
The ogre is moderately wounded.
The zap misses the goblin.
Unknown command.
Unknown command.
Unknown command.
Casting: Shock (safe; 3% risk of failure)
Confirm with . or Enter, or press ? or * to list all spells.
Aiming: Shock (safe; 3% risk of failure)
Press: ? - help, Shift-Dir - straight line, f/p - ogre
Aim: an ogre, wielding a +0 giant club (moderately wounded, 86% to hit)
The zap hits the ogre.
The ogre is heavily wounded.
The zap hits the goblin.
You kill the goblin!
Unknown command.
Unknown command.
Unknown command.
Casting: Shock (safe; 3% risk of failure)
Confirm with . or Enter, or press ? or * to list all spells.
Aiming: Shock (safe; 3% risk of failure)
Press: ? - help, Shift-Dir - straight line, f/p - ogre
Aim: an ogre, wielding a +0 giant club (heavily wounded, 86% to hit)
The zap hits the ogre.
The ogre is severely wounded.
Casting: Shock (safe; 3% risk of failure)
Confirm with . or Enter, or press ? or * to list all spells.
The ogre is struck by an arc of lightning.
The ogre is severely wounded.
You are struck by an arc of lightning.
The lightning grounds out.
The ogre hits you with a +0 giant club!!
Ouch! That really hurt!
You die...

.. .). ## ..## .# ... †#
#..##.# #.#..# #.O..#
#@.# #...# .. ####..#
#...# #. ##.....# ...# ..
#..##..## #..# .#
#########.###...###..#
..#
..........###.#..##..##.#
.#
########.###..##.##(....#
.# #...#.###.##...## .#
#.#.....#..#.#..## #.#


You could see an ogre.

Vanquished Creatures
  4 adders
  4 dart slugs
  3 orcs (D:2)
  4 ball pythons
  7 endoplasms
  3 giant cockroaches
  7 goblins
  3 hobgoblins
  6 jackals (D:1)
  6 kobolds
  4 quokkas
  6 bats
  3 frilled lizards
  9 rats
69 creatures vanquished.

Notes
Turn   | Place    | Note
-------+----------+-------------------------------------------
     0 | D:1      | Feb132020 the Tengu Air Elementalist began the quest for
                  | the Orb.
     0 | D:1      | Reached XP level 1. HP: 10/10 MP: 4/4
   190 | D:1      | Reached XP level 2. HP: 15/15 MP: 1/6
   193 | D:1      | Learned a level 2 spell: Static Discharge
   620 | D:1      | Found a faded altar of an unknown god.
   761 | D:1      | Reached XP level 3. HP: 17/19 MP: 3/7
   781 | D:1      | Reached skill level 5 in Air Magic
   945 | D:1      | Learned a level 1 spell: Magic Dart
  1645 | D:2      | Reached XP level 4. HP: 24/24 MP: 5/8
  2566 | D:3      | Gained mutation: Your magical nature lets you fly swiftly
                  | and evasively. [Tengu growth]
  2566 | D:3      | Reached XP level 5. HP: 28/28 MP: 6/10
  2647 | D:3      | Noticed an ogre
  2655 | D:3      | Slain by an ogre

Illustrated notes

Levels and vault maps discovered:
D:1:      dpeg_arrival_chambers_temple_mockup, layout_basic,
          basic_ecumenical_altar
D:2:      minmay_skewed_foursquare, layout_basic, serial_glass, glass_columns_a,
          glass_columns_b, minivault_4, grunt_decor_cap, guppyfry_early_orc_mine
D:3:      layout_rooms

Skill      XL: |  1  2  3  4 |
---------------+-------------+-----
Air Magic      | 5 |  5.7
Conjurations   | 2 3 |  3.1
Short Blades   | |  0.3
Dodging        | |  2.3
Stealth        | |  2.1
Spellcasting   | |  2.7

Action                   |  1- 3 |  4- 6 || total
-------------------------+-------+-------++-------
Melee: Short sword       |     7 |     6 ||    13
       Mace              |     5 |       ||     5
       Peck              |     2 |     1 ||     3
       Kick              |     2 |       ||     2
 Cast: Shock             |    92 |    46 ||   138
       Static Discharge  |       |     1 ||     1
  Use: Scroll            |     1 |     1 ||     2
 Stab: Sleeping          |       |     2 ||     2
Armor: Robe              |     2 |       ||     2
Dodge: Dodged            |    22 |     2 ||    24

Table legend: (Time is in decaauts)
 A = Elapsed time spent in this place.
 B = Non-inter-level travel time spent in this place.
 C = Inter-level travel time spent in this place.
 D = Time resting spent in this place.
 E = Time spent auto-exploring this place.
 F = Levels seen in this place.
 G = Mean time per level.
                   A        B        C        D        E       F      G
               +--------+--------+--------+--------+--------+-----+--------+
         Total |   2649 |   2598 |     51 |     34 |   2227 |   3 |  883.0 |
       Dungeon |   2649 |   2598 |     51 |     34 |   2227 |   3 |  883.0 |
               +--------+--------+--------+--------+--------+-----+--------+

Top non-repeatable levels by time:
     D:2: 1299 daAuts
     D:1: 1222 daAuts
     D:3: 127 daAuts
